AoeStats
← WinterFox

Arena

509650614Analyzed
3v3 RM · 6d ago on Sep 27, 2026· 55m 9s· 6 players
Game mode
Random Map
Map size
Normal (6 player)
Population
200
Speed
Normal
Resources
Standard
Victory
Conquest
Starting age
Dark Age
Ending age
Imperial Age
RankedLock teamsTeams togetherTeam positionsShared explorationLock speedFull tech treeHidden civsTurbo modeCheats
Victory
Defeat
🇹🇷 Franks · Türkiye
815
+16
🇫🇷 Inca · France
795
+17
🇮🇹 Byzantines · Italy
723
+20
🇩🇰 Varangians · Denmark
900
-21
🇬🇷 Italians · Greece
791
-17
🇩🇰 Vietnamese · Denmark
740
-32
DuaLipaFanboy59
10:27 Feudal Age
14:36 Castle Age
17:34 Champi Runner
20:34 Champi Warrior
22:00 Forging
24:18 Double-Bit Axe
26:56 Squires
29:18 Arson
29:56 Scale Mail Armor
30:27 Bow Saw
30:13 Gold Mining
36:28 Imperial Age
35:55 Iron Casting
35:20 Horse Collar
35:34 Pikeman
36:53 Chain Mail Armor
37:03 Elite Champi Warrior
44:02 Capped Ram
45:19 Gold Shaft Mining
45:22 Caravan
47:57 Blast Furnace
47:27 Plate Mail Armor
48:18 Loom
49:09 Wheelbarrow
49:31 Halberdier
51:58 Hand Cart
51:29 Town Watch
Voluntary
4:01 Loom
11:48 Feudal Age
12:14 Double-Bit Axe
12:26 Town Watch
14:28 Wheelbarrow
19:38 Castle Age
21:17 Bow Saw
21:05 Gold Mining
21:06 Stone Mining
22:21 Hand Cart
22:27 Town Patrol
24:03 Gold Shaft Mining
23:31 Gambesons
23:46 Squires
23:33 Arson
25:36 Forging
25:26 Scale Mail Armor
25:31 Scale Barding Armor
25:18 Fletching
25:28 Padded Archer Armor
26:02 Husbandry
31:43 Chain Barding Armor
32:00 Iron Casting
35:13 Imperial Age
35:13 Ballistics
35:04 Fortified Wall
34:35 Treadmill Crane
35:05 Masonry
34:51 Murder Holes
35:39 Chain Mail Armor
36:42 Cavalier
38:14 Paladin
39:39 Conscription
39:58 Architecture
39:34 Siege Engineers
43:31 Blast Furnace
43:07 Plate Barding Armor
43:34 Chemistry
43:21 Hoardings
CHFSwissMade
1:04 Loom
13:18 Feudal Age
19:47 Castle Age
18:12 Double-Bit Axe
18:10 Horse Collar
23:30 Bow Saw
23:40 Heavy Plow
26:45 Padded Archer Armor
26:35 Fletching
28:54 Bodkin Arrow
29:18 Gold Mining
30:11 Leather Archer Armor
29:21 Elite Skirmisher
30:32 Scale Mail Armor
30:43 Forging
31:25 Gold Shaft Mining
30:50 Pikeman
31:31 Squires
31:16 Gambesons
33:54 Chain Mail Armor
33:49 Forging
37:11 Ballistics
36:32 Treadmill Crane
40:09 Imperial Age
38:15 Wheelbarrow
38:18 Iron Casting
40:12 Halberdier
41:30 Plate Mail Armor
41:30 Ring Archer Armor
41:01 Bracer
41:27 Conscription
41:45 Hoardings
42:16 Chemistry
43:05 Arson
48:55 Hand Cart
52:00 Bombard Tower
WinterFox
10:50 Feudal Age
11:23 Double-Bit Axe
13:15 Wheelbarrow
14:01 Horse Collar
20:14 Castle Age
19:54 Wheelbarrow
19:06 Loom
19:08 Town Watch
22:04 Forging
21:54 Scale Mail Armor
22:02 Scale Barding Armor
22:16 Bow Saw
22:08 Heavy Plow
22:09 Man-at-Arms
22:09 Pikeman
23:28 Fletching
23:54 Stone Mining
23:55 Gold Mining
23:54 Long Swordsman
25:16 Padded Archer Armor
26:03 Stone Shaft Mining
26:33 Squires
26:06 Crossbowman
26:07 Elite Skirmisher
28:26 Hand Cart
33:42 Iron Casting
33:23 Chain Mail Armor
33:28 Chain Barding Armor
33:23 Leather Archer Armor
33:04 Bodkin Arrow
33:17 Thumb Ring
33:00 Arson
35:10 Chatras
38:51 Imperial Age
38:36 Devotion
39:05 Town Patrol
39:00 Two-Handed Swordsman
39:00 Halberdier
39:03 Imperial Skirmisher
39:49 Husbandry
39:59 Bloodlines
39:09 Light Cavalry
40:54 Elite Rattan Archer
42:01 Paper Money
42:41 Ring Archer Armor
42:40 Sappers
44:22 Arbalester
45:53 Cavalier
45:58 Elite Battle Elephant
48:48 Plate Barding Armor
48:13 Bracer
48:44 Plate Mail Armor
UncGaming
9:17 Feudal Age
13:05 Wheelbarrow
12:20 Town Watch
12:42 Double-Bit Axe
17:18 Castle Age
15:37 Horse Collar
17:52 Wheelbarrow
17:03 Loom
18:45 Loom
19:04 Squires
18:50 Arson
19:59 Wheelbarrow
19:45 Scale Mail Armor
20:46 Bow Saw
21:23 Forging
23:34 Chain Mail Armor
24:41 Heavy Plow
30:29 Iron Casting
32:35 Scale Barding Armor
38:07 Imperial Age
38:13 Elite Varangian Guard
40:11 Crop Rotation
43:07 Plate Mail Armor
43:38 Blast Furnace
42:43 Pikeman
43:21 Halberdier
43:38 Gothikon
47:58 Two-Man Saw
Dr. Hawamagun Amis-Yu
11:22 Feudal Age
11:58 Double-Bit Axe
15:38 Loom
18:56 Castle Age
18:02 Fletching
19:13 Padded Archer Armor
19:10 Crossbowman
21:50 Wheelbarrow
23:52 Thumb Ring
27:56 Horse Collar
35:52 Imperial Age
34:36 Bodkin Arrow
34:57 Leather Archer Armor
37:52 Ballistics
37:43 Masonry
37:50 Town Watch
39:09 Chemistry
41:34 Murder Holes
43:01 Bracer
45:28 Ring Archer Armor
45:06 Scale Barding Armor
52:08 Architecture
52:10 Gold Mining
52:11 Stone Mining
Connection lost

Rejoining the realm…

Still unreachable

The connection could not be restored.

Session expired

The server has moved on; the page needs a fresh start.